Map: 프록시마 정거장 - 래더

Players

jjakji

  • Race: Terran Terran
  • Spawn Location: 1:00

TYTY (TY) - Winner!

  • Race: Terran Terran
  • Spawn Location: 7:00

Event: IEM XI Katowice - World Championship 2017

VOD

Have the link to the VOD?

Description

Time

  • Played on: March 2, 2017, 2:26 a.m.
  • Length: 16:05

All games in this series

Show
View Real Time Build Order
Export as new Build Order

jjakji Terran 

Build Orders: Reaper Expand, Bio Tank 

Get SALT Encoding   

  12  0:00  SCV  
  13  0:12  SCV  
  14  0:17  Supply Depot  
  14  0:26  SCV  
  15  0:31  Refinery  
  15  0:39  SCV  
  16  0:45  Barracks  
  16  0:51  SCV  
  17  1:03  SCV  
  18  1:15  SCV  
  19  1:32  Reaper, Orbital Command  
  20  1:44  Command Center  
  20  1:57  SCV  
  20  1:59  Factory  
  21  2:08  Barracks Reactor  
  21  2:10  SCV  
  21  2:13  Supply Depot  
  22  2:17  Refinery  
  22  2:22  SCV  
  23  2:35  SCV  
  24  2:44  Hellion  
  26  2:45  Marine x2  
  26  2:47  SCV  
  26  2:48  Starport  
  28  2:56  Orbital Command  
  28  2:59  SCV  
  29  3:09  Widow Mine  
  29  3:11  SCV  
  32  3:13  Marine x2  
  34  3:23  SCV x2  
  36  3:31  Marine x2  
  36  3:32  Supply Depot, Viking  
  40  3:35  SCV  
  40  3:37  SCV  
  42  3:47  Factory Tech Lab  
  42  3:49  Marine x2  
  42  3:50  SCV x2  
  42  3:52  Supply Depot  
  46  4:02  SCV x2  
  48  4:12  Command Center  
  48  4:14  SCV x2  
  50  4:20  Siege Tank  
  55  4:26  SCV  
  55  4:27  Supply Depot  
  55  4:28  SCV  
  54  4:38  Barracks Tech Lab, SCV  
  54  4:40  SCV  
  54  4:43  Viking x2  
  60  4:50  SCV  
  60  4:52  Supply Depot, Siege Tank, SCV  
  65  4:57  Marine, Stimpack  
  66  5:02  Refinery x2, SCV  
  66  5:05  SCV  
  68  5:15  Marine  
  70  5:25  Siege Tank  
  70  5:26  Orbital Command  
  70  5:27  Engineering Bay  
  70  5:28  Engineering Bay  
  70  5:30  SCV x2  
  70  5:32  Marine  
  73  5:40  Starport Reactor  
  73  5:42  Supply Depot, SCV x2  
  75  5:52  Barracks  
  75  5:53  Barracks  
  75  5:55  Terran Infantry Armor Level 1, Terran Infantry Weapons Level 1  
  75  6:00  SCV x2  
  75  6:03  Marine  
  78  6:04  Supply Depot  
  78  6:12  SCV x2  
  78  6:13  Barracks  
  78  6:16  Barracks  
  78  6:21  Marine  
  78  6:22  Orbital Command  
  78  6:24  SCV x2  
  81  6:29  Supply Depot  
  81  6:32  Siege Tank  
  84  6:33  Starport Reactor  
  84  6:36  SCV  
  84  6:37  SCV  
  84  6:39  Marine  
  87  6:40  Supply Depot, Barracks Reactor  
  87  6:42  Supply Depot  
  86  6:48  SCV  
  86  6:49  SCV x2  
  86  6:50  Marine x2  
  91  6:57  Marine  
  91  6:58  Combat Shields  
  91  7:01  SCV  
  89  7:02  Barracks Reactor  
  89  7:04  Barracks Reactor  
  89  7:08  Marine x2, Siege Tank  
  92  7:14  Marine  
  92  7:15  Medivac x2  
  98  7:21  SCV  
  98  7:22  SCV x2  
  101  7:25  Supply Depot  
  101  7:26  Marine x2, Armory  
  103  7:32  Marine x3  
  91  7:40  Marine  
  91  7:41  Marine x3  
  91  7:44  Marine x2  
  87  7:49  Marine, Siege Tank  
  87  7:50  Marine x2  
  94  7:58  Marine x2, SCV x3  
  95  7:59  Marine x2  
  95  8:01  Marine  
  95  8:02  Marine, Refinery  
  95  8:03  Refinery  
  99  8:06  Refinery  
  99  8:07  Marine x2, Refinery  
  99  8:08  Marine  
  102  8:14  Medivac  
  102  8:16  Marine x4  
  102  8:19  Marine x2  
  109  8:23  SCV x3  
  109  8:25  Marine x2  
  109  8:26  Marine  
  116  8:31  Supply Depot x2  
  116  8:34  Marine  
  117  8:48  Viking, SCV  
  117  8:49  Marine  
  117  8:50  SCV  
  117  8:51  Marine x2  
  117  8:52  Marine x6, Viking, SCV  
  93  9:04  Siege Tank  
  93  9:07  Marine, SCV  
  93  9:08  Marine  
  93  9:09  Marine x2  
  85  9:10  Marine x5  
  85  9:16  SCV  
  89  9:18  Medivac  
  89  9:19  SCV x2  
  89  9:22  Medivac  
  94  9:24  Marine  
  94  9:26  Marine  
  94  9:27  Marine x3  
  94  9:30  Marine  
  94  9:31  Marine  
  100  9:32  Marine  
  100  9:36  Siege Tank  
  99  9:48  Viking, SCV x2  
  99  9:49  SCV  
  99  9:51  Marine x2  
  99  9:52  Medivac  
  108  9:54  Marine  
  108  9:56  Marine x2  
  111  10:00  SCV x2  
  111  10:01  SCV  
  111  10:17  Marine x4  
  111  10:18  Marine x4, Medivac  
  121  10:22  Refinery, Medivac  
  121  10:26  Terran Infantry Weapons Level 2, Terran Infantry Armor Level 2  
  123  10:32  SCV x2  
  123  10:33  Supply Depot x2  
  123  10:34  SCV  
  126  10:41  Marine x2  
  128  10:43  Marine x2  
  128  10:44  SCV x2  
  128  10:46  Marine x2, SCV  
  128  10:48  Medivac  
  133  10:54  Marine x3  
  133  10:56  SCV  
  140  10:57  Siege Tank  
  140  10:58  SCV x2  
  142  11:06  Factory  
  142  11:07  Viking  
  145  11:15  Supply Depot  
  145  11:16  Supply Depot  
  145  11:18  Viking, Terran Vehicle Weapons Level 1  
  146  11:22  Marine x3  
  149  11:27  Supply Depot  
  149  11:32  Sensor Tower  
  149  11:36  Supply Depot  
  149  11:37  Marine, Sensor Tower, Siege Tank  
  153  11:43  Supply Depot x2, Marine  
  153  11:44  Marine  
  153  11:45  Marine x4  
  159  11:47  Marine  
  159  11:49  Marine  
  159  11:53  Factory Tech Lab  
  161  12:06  Marine x2  
  161  12:07  Marine x2  
  158  12:09  Siege Tank  
  158  12:10  Marine  
  158  12:11  Marine  
  158  12:12  Viking  
  158  12:13  Viking  
  166  12:22  Siege Tank  
  169  12:41  Siege Tank, Command Center  
  169  12:42  Viking  
  169  12:43  Viking  
  167  12:58  Marine  
  167  12:59  Marine  
  154  13:20  Marine x9  
  163  13:29  Siege Tank  
  163  13:31  Viking x2  
  158  13:37  Marine  
  158  13:38  Marine x4  
  158  13:39  Terran Vehicle Weapons Level 2  
  162  13:46  Siege Tank  
  163  14:01  Siege Tank  
  166  14:04  Viking  
  168  14:16  Starport  
  168  14:17  Barracks Reactor  
  168  14:18  Siege Tank  
  168  14:22  Viking  
  168  14:24  Barracks Reactor  
  173  14:34  Viking  
  173  14:35  Liberator  
  173  14:47  Liberator  
  175  14:54  Marine x2  
  175  14:55  Marine x3  
  174  15:01  Liberator x2  
  166  15:10  Marine  
  155  15:22  Marine x6  
  155  15:27  Marine  
  147  15:30  Marine  
Show
View Real Time Build Order
Export as new Build Order

TYTY Terran - Winner!

Build Orders: Reaper Expand, Bio Tank 

Get SALT Encoding   

  12  0:00  SCV  
  13  0:12  SCV  
  14  0:17  Supply Depot  
  14  0:24  SCV  
  14  0:27  Refinery  
  15  0:38  SCV  
  16  0:44  Barracks  
  16  0:51  SCV  
  17  1:03  SCV  
  18  1:15  SCV  
  19  1:31  Reaper, Orbital Command  
  20  1:45  Command Center  
  20  1:57  Factory  
  20  2:01  SCV  
  20  2:05  Barracks Reactor  
  21  2:11  Supply Depot  
  21  2:13  SCV  
  22  2:22  Refinery  
  22  2:26  SCV  
  23  2:38  SCV  
  23  2:43  Marine x2, Starport  
  26  2:50  SCV  
  29  3:00  Orbital Command  
  29  3:02  SCV  
  29  3:04  Marine  
  31  3:06  Marine  
  31  3:09  Factory Tech Lab  
  28  3:14  SCV  
  29  3:22  Marine  
  29  3:24  Marine  
  29  3:26  SCV  
  32  3:27  SCV  
  32  3:28  Siege Tank  
  36  3:38  Refinery, SCV  
  36  3:39  SCV  
  36  3:41  Supply Depot  
  38  3:43  Marine x2  
  40  3:50  SCV  
  40  3:51  SCV  
  42  4:00  Siege Tank  
  46  4:02  SCV  
  46  4:06  SCV  
  46  4:08  Medivac  
  49  4:10  Medivac  
  49  4:14  Barracks Tech Lab  
  49  4:16  Supply Depot  
  51  4:17  Supply Depot, SCV  
  52  4:28  SCV  
  52  4:29  SCV  
  54  4:32  Stimpack  
  54  4:37  Marine  
  55  4:44  SCV x2, Barracks  
  57  4:48  Siege Tank, Barracks  
  57  4:52  Starport Reactor  
  60  4:56  Supply Depot, SCV  
  60  4:57  Marine  
  60  4:59  SCV  
  63  5:13  SCV x2  
  65  5:14  Marine  
  63  5:25  SCV x2  
  63  5:27  Supply Depot  
  68  5:28  Engineering Bay  
  68  5:32  Marine  
  66  5:37  Marine x2, Starport Reactor  
  66  5:40  Siege Tank  
  71  5:44  SCV x2  
  71  5:46  Command Center  
  71  5:47  Marine  
  71  5:48  Marine  
  75  5:52  Supply Depot  
  75  5:54  Terran Infantry Weapons Level 1  
  75  5:56  Marine x2  
  77  5:57  Marine  
  77  6:04  SCV x2  
  80  6:05  Marine  
  80  6:09  Marine  
  81  6:13  Marine, Siege Tank  
  81  6:15  Medivac x2  
  81  6:16  Marine  
  91  6:20  SCV x2  
  93  6:26  Supply Depot x2  
  93  6:33  Supply Depot x2, Combat Shields  
  93  6:35  Refinery  
  93  6:36  SCV x2  
  94  6:44  Barracks  
  94  6:45  Barracks  
  94  6:47  Marine x4  
  97  6:55  Siege Tank  
  97  6:57  Medivac x2  
  97  7:00  SCV x2  
  106  7:04  Orbital Command  
  106  7:07  Marine x2  
  106  7:12  SCV x2  
  108  7:16  Marine x3  
  111  7:24  Marine, SCV  
  111  7:27  Siege Tank  
  116  7:35  Barracks Reactor  
  116  7:36  Barracks Reactor  
  111  7:43  Medivac  
  110  7:44  Marine x4  
  110  7:45  SCV x2  
  110  7:46  SCV  
  110  7:47  Refinery  
  110  7:48  Armory, Refinery  
  110  7:49  Engineering Bay  
  114  7:56  Marine  
  115  8:02  Marine x3  
  116  8:06  Marine, Siege Tank  
  116  8:09  Liberator x2, Terran Infantry Armor Level 1  
  116  8:10  SCV x3  
  123  8:14  Marine  
  123  8:19  Marine  
  124  8:20  Marine  
  124  8:21  Marine x5  
  124  8:24  Marine  
  138  8:32  Marine  
  136  8:36  Terran Infantry Weapons Level 2  
  136  8:37  Marine x2  
  136  8:38  Supply Depot  
  136  8:39  Marine x4  
  141  8:49  Marine x2  
  141  8:51  Marine  
  141  8:53  Siege Tank  
  141  8:55  Marine x2  
  140  8:56  Marine  
  140  8:57  Marine  
  140  8:58  Marine  
  140  8:59  Marine  
  135  9:06  Marine  
  135  9:07  Marine  
  135  9:09  Marine  
  139  9:11  Factory, Medivac  
  139  9:12  Medivac  
  139  9:13  Marine x2  
  139  9:14  Marine  
  143  9:18  Marine  
  143  9:19  Marine, Factory  
  143  9:21  Terran Vehicle Weapons Level 1  
  143  9:22  Marine  
  146  9:24  Marine  
  146  9:29  Marine  
  146  9:30  Marine  
  146  9:31  Marine x2  
  143  9:41  Supply Depot  
  147  9:48  Siege Tank  
  147  9:50  Viking x2  
  147  10:02  Sensor Tower  
  147  10:04  Marine x2  
  148  10:10  Factory Tech Lab  
  145  10:14  Sensor Tower  
  145  10:16  Command Center  
  145  10:19  Marine x2  
  145  10:20  Marine x3, Siege Tank, Supply Depot  
  153  10:31  Siege Tank  
  153  10:34  Marine  
  157  10:36  Terran Infantry Armor Level 2  
  157  10:41  Marine  
  161  10:42  Supply Depot  
  161  10:47  Missile Turret  
  143  10:50  Viking x2  
  147  10:57  Factory Tech Lab  
  147  10:59  Siege Tank  
  147  11:03  Siege Tank  
  152  11:17  Siege Tank  
  155  11:19  Viking  
  157  11:27  Planetary Fortress  
  157  11:32  Siege Tank  
  159  11:35  Siege Tank  
  159  11:36  Sensor Tower  
  162  11:43  Marine x2  
  162  11:45  Marine x2  
  162  11:46  Marine x2  
  168  11:49  Siege Tank  
  168  11:51  Viking x2  
  175  11:57  Terran Infantry Weapons Level 3  
  175  12:00  Marine  
  174  12:07  Marine x7  
  170  12:24  Siege Tank x3  
  170  12:26  Viking x2  
  183  12:31  Supply Depot  
  183  12:42  Marine x7  
  188  12:53  Marine x2  
  188  12:54  Terran Infantry Armor Level 3  
  185  13:02  Marine x4  
  179  13:15  Marine x5  
  179  13:17  Viking x2  
  177  13:21  Siege Tank  
  177  13:31  Marine x4  
  179  13:40  Marine x4  
  181  13:46  Command Center, Starport  
  181  13:47  Viking x2  
  183  13:56  Barracks x2  
  183  13:57  Barracks  
  183  14:06  Marine x8  
  191  14:17  Viking x2  
  193  14:25  Starport Reactor  
  192  14:37  Barracks Reactor  
  192  14:41  Marine x2  
  194  14:47  Viking  
  196  14:58  Siege Tank  
  199  15:05  Marine  
  200  15:07  Siege Tank  
  200  15:09  Viking  
  198  15:21  Planetary Fortress  
  198  15:23  Barracks Reactor  
  198  15:24  Barracks Reactor  
  193  15:29  Medivac x3  
  193  15:30  Command Center  
  193  15:33  Barracks Reactor  
  189  15:51  Barracks Reactor  
  194  15:57  Command Center  

Tags
 
Add a new tag
Caveats
  • Supply blocks, unpowered buildings, or Contaminate may cause inaccurate times.
  • Supply counts are checked every 10 seconds.